 Dungeon Crawl Stone Soup version 0.18-a0-1788-g92de1ac (webtiles) character file.

133 Critterz the Skirmisher (level 4, -1/40 HPs)
             Began as a Draconian Chaos Knight on Apr 19, 2016.
             Killed from afar by an orc wizard (5 damage)
             ... with a puff of flame
             ... on level 3 of the Dungeon.
             The game lasted 00:22:05 (2492 turns).

Critterz the Skirmisher (Draconian Chaos Knight)    Turns: 2492, Time: 00:22:09

Health: -1/40      AC:  5    Str: 15    XL:     4   Next: 94%
Magic:  4/4        EV: 13    Int: 12    God:    Xom [.*....]
Gold:   125        SH:  0    Dex: 11    Spells: 1 memorised, 1 level left

rFire  + . .     SeeInvis .     C - +0 falchion
rCold  . . .     Gourm    .     (armour unavailable)
rNeg   . . .     Faith    .     (no shield)
rPois  .         Spirit   .     (helmet restricted)
rElec  .         Dismiss  .     (no cloak)
rCorr  .         Reflect  +     (no gloves)
SustAt .         Harm     .     (no boots)
MR     .....                    p - +4 amulet of reflection
Stlth  +.........               (no ring)
                                d - ring of protection from fire

@: confused, not resistant to hostile enchantments, very unstealthy
A: unfitting armour, beak, blurry vision 1, cold-blooded, AC +5
a: Renounce Religion


You were on level 3 of the Dungeon.
You worshipped Xom.
You were a plaything of Xom.
You were not hungry.

You visited 1 branch of the dungeon, and saw 3 of its levels.
You visited the Abyss 1 time.

You collected 125 gold pieces.

Inventory:

Hand Weapons
 a - a +1 hand axe of chaos
 n - a +0 short sword
 q - a +0 dagger
 B - a +0 club
 C - a +0 falchion (weapon)
Missiles
 j - 44 arrows
 m - 30 poisoned needles
Armour
 c - a cursed +0 scale mail
 e - a cursed -2 ring mail
 f - a +0 leather armour
 g - a +0 robe
 i - a cursed +0 robe
 o - a +0 scale mail
 r - a +0 leather armour
 z - a +0 robe
 A - a +0 leather armour
 D - a +0 animal skin
 E - a +0 helmet
Jewellery
 d - a ring of protection from fire (left hand)
 p - a +4 amulet of reflection (around neck)
Scrolls
 k - a scroll of remove curse
 s - 2 scrolls of enchant armour
 u - a scroll of identify
 y - a scroll of recharging {unknown}
Books
 w - a book of Dreams

   Spells                             Type                      Level
   a - Ensorcelled Hibernation        Hexes/Ice                    2
   b - Silence                        Hexes/Air                    5
   c - Darkness                       Hexes                        6
   d - Shadow Creatures               Summoning                    6
Comestibles
 b - 3 bread rations
 h - a meat ration
 l - a beef jerky
 x - 5 chunks of flesh


   Skills:
 + Level 4.2 Fighting
 + Level 3.9 Axes
 + Level 3.5 Dodging
 + Level 0.2 Stealth


You had one spell level left.
You knew the following spells:

 Your Spells              Type           Power        Failure   Level  Hunger
a - Ensorcelled Hibernat  Hex/Ice        #.....       52%         2    ###....


Dungeon Overview and Level Annotations

Branches:
Dungeon (3/15)

Altars:
Kikubaaqudgha


Innate Abilities, Weirdness & Mutations

Your plain brown scales are hard (AC +5).
Your body does not fit into most forms of armour.
You are cold-blooded and may be slowed by cold attacks.
You have a beak for a mouth.
Scrolls take you a little longer to read.


Message History

The puff of flame hits you! You resist.
* * * LOW HITPOINT WARNING * * *
Really read with blurry vision while enemies are nearby?
Something hits you but does no damage.
You begin reading the scroll.
You continue reading the scroll.
You feel yourself speed up. "Heh heh heh..."
You are confused.
The orc looks rather confused.
Something barely misses you.
Something hits the orc.
You're too confused!
You bump into the rock wall.
You hear some strange, mumbled words.
A puff of flame appears from out of thin air!
The puff of flame hits you! You resist.
You hear some strange, mumbled words.
A puff of flame appears from out of thin air!
The puff of flame hits you! You resist.
You die... "It was about time."

..####### #.#
..'...... #.#
..####### #.#
#........ #.#
#.#########.# ##.##
#.#.......... ...
#.#.##..###.# #o#
..........#.# #{#
########..#.# #@#
#....##.....####)#
#._≈....⌠........####
#...≈.....#........)#
#...≈≈......#######.#
##.≈≈≈≈≈..#.# #.#
##..≈≈≈≈..#.# #.#
#...≈≈≈≈..#.# #.#
..⌠....≈..#.#######.##


You could see an orc (confused).

Vanquished Creatures
  An orc wizard (D:3)
  Robin (D:3)
  3 adders (D:2)
  A worm (D:2)
  2 dart slugs (D:1)
  2 giant geckos
  An orc (D:3)
  6 bats
  4 giant cockroaches
  15 goblins
  8 hobgoblins
  2 quokkas
  A giant newt (D:1)
  7 kobolds
  5 rats
59 creatures vanquished.

Notes
Turn   | Place    | Note
--------------------------------------------------------------
     0 | D:1      | Critterz the Draconian Chaos Knight began the quest for the Orb.
     0 | D:1      | Reached XP level 1. HP: 19/19 MP: 1/1
   224 | D:1      | Reached XP level 2. HP: 25/26 MP: 2/2
   562 | D:1      | XOM is BORED!
   562 | D:1      | XOM: severe Summ miscast
   562 | D:1      | Cast into level 2 of the Abyss (the severe capriciousness of Xom)
   562 | Abyss:2  | XOM: noise
   562 | D:1      | Escaped the Abyss
   562 | D:1      | XOM: revert banishment
   825 | D:1      | XOM: vitrification
   870 | D:1      | Reached XP level 3. HP: 32/33 MP: 3/3
   885 | D:1      | XOM: divination: detect creatures
   895 | D:1      | XOM: give mutations
   895 | D:1      | Gained mutation: Scrolls take you a little longer to read. [Xom's mischief]
   895 | D:1      | Gained mutation: You have a beak for a mouth. [Xom's mischief]
  1111 | D:1      | XOM: harmless Summ miscast
  1237 | D:2      | XOM: 2-stop teleportation journey
  1375 | D:2      | XOM: medium Pois miscast
  1527 | D:2      | Reached skill level 4 in Fighting
  1864 | D:2      | Learned a level 2 spell: Ensorcelled Hibernation
  1873 | D:2      | Reached XP level 4. HP: 34/40 MP: 1/4
  2073 | D:2      | XOM: harmless Air miscast
  2171 | D:2      | a
  2323 | D:3      | XOM: noise
  2357 | D:3      | Found an ancient bone altar of Kikubaaqudgha.
  2397 | D:3      | Noticed Robin
  2401 | D:3      | XOM: confuse monster(s)
  2403 | D:3      | Killed Robin
  2491 | D:3      | XOM: confusion (+ monsters)
  2492 | D:3      | Killed from afar by an orc wizard

Vault maps used:
D:1:      lemuel_arrival_room
D:2:      first_bread
D:3:      kiku_gazebo_pond_becter, guppyfry_early_orc_mine, uniq_robin
Abyss:2:  evilmike_abyss_exit_vortex

Skill      XL: |  1  2  3 |
---------------+----------+-----
Fighting       | 4 |  4.2
Dodging        | 3 |  3.5
Axes           | |  3.9
Stealth        | |  0.2

Action                   |  1- 3 |  4- 6 || total
-------------------------+-------+-------++-------
Melee: Hand axe          |    90 |    39 ||   129
       Tailslap          |     8 |     7 ||    15
       Peck              |     6 |    10 ||    16
       Falchion          |       |    22 ||    22
 Cast: Ensorcelled Hiber |     1 |       ||     1
  Use: Scroll            |     4 |     2 ||     6
       Potion            |     2 |     3 ||     5
 Stab: Paralysed         |     1 |       ||     1
       Sleeping          |     1 |       ||     1
       Confused          |       |     2 ||     2
  Eat: Bread ration      |     1 |       ||     1
       Chunk             |     1 |       ||     1
Armor: Skin              |    28 |    24 ||    52
Dodge: Dodged            |    50 |    30 ||    80
Block: Other             |     4 |    10 ||    14
       Reflection        |       |     2 ||     2
